 Dungeon Crawl Stone Soup version 0.27-a0-1347-gd8886f0a89 (webtiles) character file.

Game seed: 14763472522650281081

196861 tilp the Warrior (level 18, -16/157 HPs)
             Began as a Barachi Summoner on June 27, 2021.
             Was a High Priest of Okawaru.
             Demolished by a naga warrior (33 damage)
             ... on level 4 of the Snake Pit.
             The game lasted 01:34:50 (58087 turns).

tilp the Warrior (Barachi Summoner)                Turns: 58087, Time: 01:34:51

Health: -16/157    AC: 23    Str: 23    XL:     18   Next: 39%
Magic:  17/27      EV: 16    Int: 16    God:    Okawaru [*****.]
Gold:   3533       SH:  5    Dex: 16    Spells: 12/29 levels left

rFire    . . .     SeeInvis +   a - +5 broad axe (elec)
rCold    . . .     Faith    +   C - +0 buckler
rNeg     . . .     Spirit   .   c - +3 scale mail {rPois}
rPois    +         Reflect  .   N - +2 helmet {SInv}
rElec    .         Harm     .   v - +2 cloak {Stlth+}
rCorr    .         Rampage  .   M - +1 pair of gloves of Noon {Regen+ Dex+3}
Will     +....                  F - +2 pair of boots
Stlth    ++........             B - amulet of faith
HPRegen  1.36/turn              o - ring of poison resistance
MPRegen  0.20/turn              D - +6 ring of strength

@: lethally poisoned (-16 -> -16), unable to hop, very slightly contaminated,
slow
A: amphibious, slowness 1, strong legs 2, +LOS
}: 1/15 runes: decaying
a: Hop, Renounce Religion, Heroism, Finesse


You were on level 4 of the Snake Pit.
You worshipped Okawaru.
Okawaru was extremely pleased with you.
You visited 6 branches of the dungeon, and saw 32 of its levels.
You also visited: Bailey.

You collected 5368 gold pieces.
You spent 1835 gold pieces at shops.

Inventory:

Hand Weapons
 a - a +5 broad axe of electrocution (weapon)
 b - a +1 war axe of flaming
 T - a +4 executioner's axe of flaming
Missiles
 k - 3 throwing nets
 l - 16 curare-tipped darts
 m - 169 poisoned darts (quivered)
Armour
 c - a +3 scale mail of poison resistance (worn)
 v - a +2 cloak of stealth (worn)
 C - a +0 buckler (worn)
 F - a +2 pair of boots (worn)
 M - the +1 pair of gloves of Noon (worn) {Regen+ Dex+3}
   (Okawaru gifted it to you on level 9 of the Dungeon)

   Dex:       It affects your dexterity (+3).
   Regen:     It increases your rate of health regeneration.
 N - a +2 helmet of see invisible (worn)
 P - the +2 helmet of Discretion {rPois Dex+4 Stlth+}
   (Okawaru gifted it to you on level 14 of the Dungeon)

   Dex:       It affects your dexterity (+4).
   rPois:     It protects you from poison.
   Stlth:     It makes you more stealthy.
Jewellery
 h - the amulet of Attitude {RegenMP rPois Str+3 Dex+8 Slay-2}
   (You found it on level 6 of the Lair of Beasts)

   [amulet of magic regeneration]

   It increases your rate of magic regeneration.Str: It affects your strength
   (+3).
   Dex:       It affects your dexterity (+8).
   Slay:      It affects your accuracy & damage with ranged weapons and melee
   (-2).
   rPois:     It protects you from poison.
 n - a ring of positive energy
 o - a ring of poison resistance (left hand)
 x - a ring of protection from cold
 B - an amulet of faith (around neck)
 D - a +6 ring of strength (right hand)
 E - a ring of protection from fire
 U - a ring of resist corrosion
Wands
 f - a wand of flame (82)
 y - a wand of paralysis (12)
 J - a wand of acid (6)
 L - a wand of iceblast (50)
 W - a wand of mindburst (28)
Scrolls
 d - 12 scrolls of teleportation
 e - 2 scrolls of amnesia
 p - 4 scrolls of blinking
 u - 7 scrolls of magic mapping
 G - 3 scrolls of fog
 Q - 11 scrolls of identify
 S - 3 scrolls of fear
 X - a scroll of holy word
 Z - a scroll of silence
Potions
 g - 3 potions of might
 i - 2 potions of ambrosia
 j - a potion of berserk rage
 q - 2 potions of heal wounds
 s - 3 potions of resistance
 t - 2 potions of invisibility
 w - 3 potions of magic
 z - 3 potions of lignification
 A - 4 potions of attraction
 H - 5 potions of mutation
 I - 3 potions of brilliance
 K - 8 potions of curing
 R - a potion of cancellation
 V - a potion of flight
 Y - a potion of haste
Miscellaneous
 r - a phantom mirror
 O - a condenser vane


   Skills:
 - Level 18.0 Fighting
 + Level 16.9 Axes
 - Level 8.0 Armour
 - Level 12.0 Dodging
 - Level 4.0 Stealth
 - Level 4.0 Shields
 - Level 6.0 Spellcasting
 - Level 15.0 Summonings
 - Level 4.0 Ice Magic
 - Level 4.0 Air Magic
 - Level 12.0 Invocations
 - Level 4.0 Evocations


You had 12 spell levels left.
You knew the following spells:

 Your Spells              Type           Power      Damage    Failure   Level
a - Apportation           Tloc           8%         N/A       30%         1
b - Call Imp              Summ           51%        N/A       1%          2
c - Call Canine Familiar  Summ           51%        N/A       1%          3
d - Summon Guardian Gole  Hex/Summ       28%        N/A       4%          3
e - Summon Ice Beast      Ice/Summ       35%        N/A       6%          4
f - Summon Lightning Spi  Summ/Air       35%        N/A       6%          4

Your spell library contained the following spells:

 Spells                   Type           Power      Damage    Failure   Level
 Summon Small Mammal      Summ           100%       N/A       1%          1
 Freeze                   Ice            68%        1d8       6%          1
 Frozen Ramparts          Ice            34%        1d5       17%         3
 Ozocubu's Armour         Ice            17%        N/A       17%         3
 Animate Skeleton         Necr           8%         N/A       30%         1
 Corona                   Hex            4%         N/A       30%         1
 Magic Dart               Conj           16%        1d3       30%         1
 Pain                     Necr           16%        1d4       30%         1
 Sandblast                Erth           8%         2d5       30%         1
 Passwall                 Tmut/Erth      3%         N/A       41%         2
 Searing Ray              Conj           8%         3d3       41%         2
 Slow                     Hex            4%         N/A       41%         2
 Dazzling Flash           Conj/Hex       8%         N/A       65%         3
 Ignite Poison            Fire/Tmut/Pois 4%         N/A       65%         3
 Inner Flame              Hex/Fire       4%         N/A       65%         3
 Portal Projectile        Hex/Tloc       8%         N/A       65%         3
 Stone Arrow              Conj/Erth      8%         3d7       65%         3
 Hailstorm                Conj/Ice       11%        3d5       78%         4
 Cause Fear               Hex            2%         N/A       96%         4
 Fulminant Prism          Conj/Hex       2%         3d6       96%         4
 Iskenderun's Mystic Bla  Conj/Tloc      4%         2d3       96%         4
 Leda's Liquefaction      Hex/Erth       2%         N/A       96%         4
 Petrify                  Tmut/Erth      4%         N/A       96%         4
 Sticky Flame             Conj/Fire      4%         2d3       96%         4
 Metabolic Englaciation   Hex/Ice        5%         N/A       98%         5
 Fireball                 Conj/Fire      2%         3d4       100%        5
 Lee's Rapid Deconstruct  Erth           2%         3d5*      100%        5
 Simulacrum               Ice/Necr       5%         N/A       100%        6
 Starburst                Conj/Fire      2%         8x6d3     100%        6
 Ignition                 Fire           2%         3d3       100%        8
 Lehudib's Crystal Spear  Conj/Erth      2%         10d2      100%        8
 Chain Lightning          Conj/Air       5%         3d7       100%        9
 Fire Storm               Conj/Fire      2%         8d1       100%        9
 Polar Vortex             Ice            8%         N/A       100%        9


Dungeon Overview and Level Annotations

Branches:
Dungeon (15/15)            Temple (1/1) D:4            Lair (6/6) D:11
  Swamp (4/4) Lair:2        Snake (4/4) Lair:4        Slime (0/5) Lair:5
    Orc (2/2) D:12            Elf (0/3) Orc:2        Vaults (0/5) D:14
 Depths (0/5) D:15         Bailey (visited)

Altars:
Ashenzari
Cheibriados
Dithmenos
Elyvilon
Fedhas
Gozag
Hepliaklqana
Kikubaaqudgha
Makhleb
Nemelex Xobeh
Okawaru
Qazlal
Ru
Sif Muna
Trog
Uskayaw
Vehumet
Wu Jian
Xom
Yredelemnul
Zin
The Shining One
Beogh
Jiyva

Shops:
D:8 ?*   D:12 *   Orc:2 *?[(   Snake:1 (   Snake:3 *

Annotations:
D:13 reapers in glass
Lair:3 exclusion: oklob plant
Lair:4 spriggan/meliai vault, exclusion: oklob plant


Innate Abilities, Weirdness & Mutations

You are amphibious.
You cover ground slowly.
You can hop long distances.
You have an extended range of vision and can be seen from far away.


Message History

Your ice beast freezes the shock serpent!
The shock serpent dies!
Okawaru accepts your kill.
The air sparks with electricity, shocking your ice beast!
Your lightning spire shoots out a bolt of lightning at the naga!
The bolt of electricity hits the naga!
The naga dies!
Okawaru accepts your kill.
Unknown command.
Unknown command.
Unknown command.
You swap places.
You feel very sick.
The black mamba bites your ice beast but does no damage.
The black mamba closely misses your ice beast.
You block the guardian serpent's attack.
Your ice beast misses the black mamba.
Your lightning spire shoots out a bolt of lightning at the black mamba!
The bolt of electricity misses the black mamba.
Unknown command.
Unknown command.
Hop to where?
Press: ? - help, Dir - move target Boing!
A mana viper comes into view.
You feel sick.
The guardian serpent closely misses your ice beast.
The naga warrior roars a battlecry!
The naga warrior goes into a battle-frenzy!
Found a dagger.
Casting: Summon Ice Beast (mildly dangerous; 6% risk of failure)
Confirm with . or Enter, or press ? or * to list all spells.
You miscast Summon Ice Beast.
You are very lightly contaminated with residual magic.
Nothing appears to happen.
You feel sick.
The guardian serpent casts a spell at you.
The naga warrior blinks! x2
The black mamba bites you but does no damage.
The naga warrior hits you with a +0 battleaxe!!
You die...

#..### ## #......
#.#.### ### .......
....#.###.##.......
....#...NN.#........
.S......@S...§......
....#....Y..........
.........))).......
.)..#....8S§........
..........°.).......
#.#.#.######........
#### #.......
#.....# #.####


You could see 2 naga warriors, a mana viper (asleep), a guardian serpent, a
black mamba (ally target), a friendly ice beast (summoned) and a friendly
lightning spire (summoned).

Vanquished Creatures
  Vashnia (Snake:3)
  A tentacled monstrosity (Lair:2)
  A thorn hunter (Swamp:4)
  A fenstrider witch (Swamp:4)
  A fire giant (D:13)
  A frost giant (D:15)
  2 bunyips
  2 eleionomae (Swamp:2)
  Josephine (D:11)
  An ettin (Orc:1)
  4 fire dragons
  2 shambling mangroves
  15 naga warriors
  12 hydras
  2 boulder beetles (D:13)
  5 anacondas
  2 ogre magi (D:15)
  8 vault guards (D:14)
  6 centaur warriors
  A boulder beetle (shapeshifter) (D:13)
  2 catoblepae
  2 ghost crabs (Swamp:4)
  7 two-headed ogres
  6 alligators
  The ghost of MirrMurr the Blocker, a novice GnFi of Okawaru (D:8)
  2 tengu warriors (D:15)
  11 death yaks
  Urug (D:11)
  5 shock serpents (Snake:2)
  10 naga sharpshooters
  3 orc high priests (Orc:2)
  A fire crab (shapeshifter) (D:15)
  2 fire crabs (Swamp:4)
  A salamander mystic (Snake:3)
  A goliath frog (Swamp:1)
  A bog body (Swamp:2)
  9 swamp dragons
  3 phantasmal warriors
  4 deep elf pyromancers
  7 orc knights
  2 lindwurms
  10 ugly things
  3 will-o-the-wisps
  A manticore (D:14)
  4 orc sorcerers
  3 cyclopes
  6 salamanders
  10 slime creatures
  A mana viper (Snake:2)
  15 black mambas
  3 elephants (Lair:6)
  Joseph (Lair:1)
  3 guardian serpents
  13 naga magi
  A torpor snail (Lair:3)
  2 molten gargoyles (Lair:6)
  2 rime drakes
  A kobold demonologist (D:13)
  5 cane toads
  A gargoyle (D:13)
  An unseen horror (D:13)
  A freezing wraith (D:15)
  4 efreet
  A cane toad (shapeshifter) (D:13)
  A yaktaur (D:15)
  9 komodo dragons
  A spectral naga (Snake:2)
  A tengu conjurer (D:13)
  5 trolls
  4 guardian mummies (D:13)
  6 tyrant leeches
  13 hornets
  3 polar bears (D:9)
  4 blink frogs
  A dream sheep (Lair:4)
  A tarantella (shapeshifter) (D:13)
  A vampire (D:10)
  7 wraiths
  34 yaks
  8 spriggans
  Eustachio (D:5)
  3 basilisks
  5 wyverns
  A fire elemental (Swamp:4)
  7 vampire mosquitoes
  2 steam dragons
  30 nagas
  2 acid dragons
  3 wargs
  17 swamp worms
  A water moccasin (shapeshifter) (D:13)
  2 hell hounds (Lair:6)
  13 water moccasins
  30 orc warriors
  12 swamp drakes
  An ice beast (D:6)
  9 centaurs
  3 wolves (Lair:6)
  11 ogres
  3 phantoms
  2 kobold brigands
  11 bullfrogs
  A gnoll sergeant (D:13)
  5 scorpions
  5 electric eels
  47 killer bees
  5 wights (D:8)
  8 howler monkeys
  5 nameless horrors
  A lava snake (Lair:6)
  4 centaur zombies
  2 jellies
  Crazy Yiuf (D:2)
  13 orc priests
  A hound (D:5)
  A bullfrog skeleton (D:6)
  2 gnoll shamans
  Jessica (D:3)
  2 iguanas
  Natasha (twice) (D:4)
  11 hell rats
  25 orc wizards
  A killer bee zombie (D:6)
  A centaur simulacrum (D:9)
  2 hound skeletons
  4 mummies (D:13)
  A howler monkey skeleton (D:5)
  3 adders (D:3)
  12 gnolls
  4 river rats (D:11)
  2 shadow imps
  A howler monkey simulacrum (D:9)
  3 white imps
  2 ufetubi
  A worm (D:4)
  A dart slug (D:2)
  105 orcs
  3 endoplasms
  3 giant cockroaches (D:2)
  6 hobgoblins
  5 jackals
  3 quokkas
  A ball python (D:3)
  4 bats
  A frilled lizard (D:2)
  11 goblins
  35 kobolds
  5 rats
872 creatures vanquished.

Vanquished Creatures (collateral kills)
  A tentacled monstrosity (Swamp:3)
  Rupert (Lair:6)
  Snorg (D:11)
  3 bunyips
  7 hydras
  A boulder beetle (D:13)
  2 naga warriors
  A catoblepas (Lair:4)
  An alligator (Swamp:1)
  2 two-headed ogres
  An anaconda (Snake:1)
  A centaur warrior (D:12)
  5 death yaks
  4 shock serpents
  A salamander mystic (Snake:3)
  3 goliath frogs
  A spriggan druid (Swamp:3)
  A naga ritualist (Snake:2)
  A lindwurm (Lair:6)
  A mana viper (Snake:2)
  A phantasmal warrior (Snake:2)
  3 ugly things
  An orc sorcerer (Orc:2)
  A salamander (Snake:1)
  5 naga magi
  A manticore (D:12)
  6 black mambas
  4 cane toads
  5 komodo dragons
  2 trolls
  A polar bear (Lair:5)
  4 tyrant leeches
  2 blink frogs (Lair:4)
  2 slime creatures
  3 dream sheep (Lair:4)
  28 yaks
  2 wyverns
  3 basilisks
  5 vampire mosquitoes
  Menkaure (D:4)
  An acid dragon (D:11)
  5 swamp worms
  6 nagas
  7 water moccasins
  3 hell hounds (Lair:6)
  An ice beast (D:9)
  A swamp drake (Swamp:4)
  5 ogres
  A centaur (D:14)
  A necrophage (D:6)
  2 kobold brigands
  Blork the orc (D:5)
  2 bullfrogs
  A gnoll sergeant (D:12)
  2 scorpions
  9 killer bees (Lair:4)
  A howler monkey (D:14)
  4 lava snakes (Lair:6)
  2 jellies
  2 hounds
  2 orc priests
  A bullfrog skeleton (D:6)
  2 hell rats (Lair:2)
  Natasha (D:4)
  An orc wizard (Orc:2)
  A centaur simulacrum (D:9)
  Robin (D:2)
  2 adders
  4 gnolls
  A shadow imp (D:6)
  The ghost of Brandom the Sneak, a weakling DgDe (D:5)
  16 orcs
  3 ball pythons
  An endoplasm (D:1)
  13 goblins
  2 hobgoblins
  3 jackals
  9 kobolds
  A quokka (D:1)
  2 rats
243 creatures vanquished.

Vanquished Creatures (others)
  A hydra (Swamp:4)
  2 swamp dragons (Swamp:4)
  A bloated husk (Swamp:4)
  2 steam dragons (Swamp:4)
  3 swamp drakes (Swamp:4)
  An orc priest (Orc:2)
  2 orc wizards (Orc:2)
  A briar patch (Swamp:4)
  20 foxfires
  63 fungi
  65 plants
161 creatures vanquished.

Grand Total: 1276 creatures vanquished

Notes
Turn   | Place    | Note
-------+----------+-------------------------------------------
     0 | D:1      | tilp the Barachi Summoner began the quest for the Orb.
     0 | D:1      | Reached XP level 1. HP: 13/13 MP: 3/3
   288 | D:1      | Reached skill level 1 in Fighting
   652 | D:1      | Reached XP level 2. HP: 22/22 MP: 0/5
   655 | D:1      | Learned a level 2 spell: Call Imp
   720 | D:1      | Reached skill level 2 in Fighting
   850 | D:1      | Found a faded altar of an unknown god.
  1238 | D:2      | Reached skill level 5 in Summonings
  1696 | D:2      | Reached XP level 3. HP: 22/27 MP: 1/6
  1707 | D:2      | Learned a level 3 spell: Call Canine Familiar
  2074 | D:2      | Noticed Robin
  2087 | D:2      | Killed Robin
  2375 | D:2      | Found a runed translucent door.
  2376 | D:2      | Noticed Crazy Yiuf
  3027 | D:3      | Reached XP level 4. HP: 24/33 MP: 8/8
  3769 | D:3      | Reached XP level 5. HP: 39/39 MP: 9/9
  3826 | D:3      | Noticed Jessica
  3841 | D:3      | Killed Jessica
  3842 | D:3      | Found a shimmering blue altar of Sif Muna.
  4204 | D:3      | Noticed a kobold brigand
  4209 | D:3      | Noticed a kobold brigand
  4380 | D:3      | Killed a kobold brigand
  4381 | D:3      | Reached skill level 3 in Fighting
  4727 | D:3      | Learned a level 3 spell: Summon Guardian Golem
  4837 | D:4      | Found a staircase to the Ecumenical Temple.
  4876 | D:4      | Noticed Menkaure
  4889 | D:4      | Killed Menkaure
  4890 | D:4      | Reached XP level 6. HP: 28/48 MP: 4/10
  4899 | Temple   | Entered the Ecumenical Temple
  5217 | Temple   | Became a worshipper of Warmaster Okawaru
  5244 | D:4      | Reached skill level 4 in Fighting
  5312 | Temple   | Reached XP level 7. HP: 17/54 MP: 11/11
  5679 | D:4      | Reached skill level 1 in Invocations
  5988 | D:4      | Noticed Natasha
  5991 | D:4      | Reached * piety under Okawaru
  5995 | D:4      | Killed Natasha
  6527 | D:4      | Noticed Natasha
  6534 | D:4      | Killed Natasha
  6684 | D:4      | Found a staircase to the Ecumenical Temple.
  6780 | D:4      | Noticed Natasha
  6800 | D:4      | Killed Natasha
  6836 | D:5      | Entered Level 5 of the Dungeon
  6845 | D:5      | Reached XP level 8. HP: 57/60 MP: 12/12
  6871 | D:5      | Noticed Eustachio
  7351 | D:5      | Killed Eustachio
  7459 | D:5      | Noticed Blork the orc
  7497 | D:5      | Killed Blork the orc
  7497 | D:5      | Reached ** piety under Okawaru
  8001 | D:5      | Found a runed translucent gate.
  8002 | D:5      | Found a runed translucent gate.
  8081 | D:5      | Found a runed translucent gate.
  8116 | D:5      | Noticed Brandom's ghost (weakling DgDe)
  8524 | D:6      | Reached skill level 5 in Fighting
  8867 | D:6      | Reached skill level 5 in Invocations
  8870 | D:6      | Reached *** piety under Okawaru
  8871 | D:6      | Reached XP level 9. HP: 54/69 MP: 5/15
  9171 | D:6      | Reached skill level 6 in Fighting
  9853 | D:6      | Reached skill level 1 in Axes
 11110 | D:7      | Reached skill level 5 in Axes
 11139 | D:7      | Found the +3 sling "Punk" {acid, rCorr}
 11716 | D:7      | Learned a level 4 spell: Summon Ice Beast
 11917 | D:8      | Found a runed translucent door.
 11920 | D:8      | Noticed MirrMurr's ghost (novice GnFi)
 11932 | D:8      | Reached **** piety under Okawaru
 11933 | D:8      | Reached skill level 1 in Ice Magic
 12441 | D:8      | Reached XP level 10. HP: 67/76 MP: 9/17
 12456 | D:8      | Reached skill level 5 in Spellcasting
 12656 | D:8      | Found Cozyh's Magic Scroll Emporium.
 12731 | D:8      | Bought a scroll of blinking for 105 gold pieces
 13080 | D:8      | Found Puuts's Assorted Antiques.
 13594 | D:9      | Reached skill level 10 in Summonings
 14250 | D:8      | Bought a sapphire-encrusted troll leather armour for 400
                  | gold pieces
 14250 | D:8      | Identified the +0 troll leather armour of Insurance {rF+
                  | Regen+ MP-9 Str+2} (You bought it in a shop on level 8 of
                  | the Dungeon)
 14278 | D:9      | Found a hide-covered altar of Uskayaw.
 14677 | D:7      | Reached ***** piety under Okawaru
 14869 | D:9      | Found a shadowy altar of Dithmenos.
 15126 | D:9      | Noticed a two-headed ogre
 15136 | D:9      | Killed a two-headed ogre
 15433 | D:9      | Found a sparkling altar of Nemelex Xobeh.
 15471 | D:9      | Identified the Tome of Battle Magic and Unholy Rites
 15521 | D:9      | Identified the +1 pair of gloves of Noon {Regen+ Dex+3}
                  | (Okawaru gifted it to you on level 9 of the Dungeon)
 15521 | D:9      | Received a gift from Okawaru
 15960 | D:9      | Identified a scroll of acquirement
 15960 | D:9      | Acquired 835 gold pieces
 16021 | D:8      | Bought a scroll of magic mapping for 70 gold pieces
 16021 | D:8      | Bought a potion of curing for 60 gold pieces
 16021 | D:8      | Bought 2 potions of curing for 120 gold pieces
 16021 | D:8      | Bought a shiny helmet for 150 gold pieces
 16040 | D:8      | Learned a level 4 spell: Summon Lightning Spire
 16148 | D:10     | Entered Level 10 of the Dungeon
 16224 | D:10     | Found a flagged portal.
 16235 | Bailey   | Entered a bailey
 16344 | Bailey   | Reached skill level 1 in Air Magic
 16456 | Bailey   | Noticed an orc knight
 16703 | Bailey   | Killed an orc knight
 16704 | Bailey   | Reached XP level 11. HP: 75/81 MP: 1/20
 16891 | Bailey   | Found a bloodstained altar of Trog.
 17009 | D:10     | Noticed a six-headed hydra
 17010 | D:10     | Noticed a centaur warrior
 17011 | D:10     | Noticed a manticore
 17011 | D:10     | Noticed a manticore
 17030 | D:10     | Noticed a green ugly thing
 17041 | D:10     | Noticed an ogre mage
 17485 | D:10     | Reached skill level 1 in Armour
 17519 | D:10     | Identified the +8 hand crossbow of Light {flame, Int+5
                  | Dex-4}
 17629 | D:11     | Noticed Urug
 17670 | D:11     | Noticed Snorg
 17904 | D:11     | Noticed Josephine
 18129 | D:11     | Noticed a white ugly thing
 18153 | D:10     | Killed a white ugly thing
 18154 | D:10     | Reached skill level 5 in Dodging
 18445 | D:2      | Killed Crazy Yiuf
 18511 | D:3      | Reached skill level 7 in Fighting
 18616 | D:5      | Killed Brandom's ghost
 18991 | D:11     | Noticed a death yak
 19168 | D:11     | Killed Urug
 19463 | D:11     | Noticed a death yak
 19631 | D:11     | Noticed a two-headed ogre
 19643 | D:11     | Killed a two-headed ogre
 19861 | D:11     | Found a sacrificial altar of Ru.
 20221 | D:11     | Noticed a death yak
 20534 | D:11     | Killed Snorg
 21020 | D:11     | Killed a death yak
 21021 | D:11     | Reached skill level 8 in Fighting
 21199 | D:11     | Found a staircase to the Lair.
 21234 | D:11     | Killed a death yak
 21242 | D:11     | Killed a death yak
 21242 | D:11     | Identified the +1 long sword of Youthful Indiscretion
                  | {venom, Str+3} (Okawaru gifted it to you on level 11 of the
                  | Dungeon)
 21242 | D:11     | Received a gift from Okawaru
 21375 | Lair:1   | Entered Level 1 of the Lair of Beasts
 21450 | Lair:1   | Reached skill level 9 in Fighting
 21769 | Lair:1   | Noticed Joseph
 21786 | Lair:1   | Killed Joseph
 21787 | Lair:1   | Reached XP level 12. HP: 91/96 MP: 4/21
 22177 | Lair:1   | Reached skill level 10 in Fighting
 22177 | Lair:1   | Reached skill level 1 in Evocations
 22476 | Lair:2   | Found a staircase to the Swamp.
 23153 | Lair:2   | Reached ****** piety under Okawaru
 23210 | Lair:2   | Received a gift from Okawaru
 24387 | Lair:3   | HP: 3/97 [komodo dragon (11)]
 24683 | Lair:3   | Received a gift from Okawaru
 24758 | Lair:3   | Received a gift from Okawaru
 25140 | Lair:3   | Noticed a six-headed hydra
 25148 | Lair:3   | Killed an eight-headed hydra
 25693 | Lair:4   | Noticed a five-headed hydra
 25701 | Lair:4   | Killed a nine-headed hydra
 25772 | Lair:4   | Noticed an eight-headed hydra
 25789 | Lair:4   | Killed a four-headed hydra
 26054 | Lair:4   | Received a gift from Okawaru
 26055 | Lair:4   | Reached skill level 10 in Invocations
 26376 | Lair:4   | Gained mutation: You can hop long distances. [Barachi
                  | growth]
 26376 | Lair:4   | Reached XP level 13. HP: 95/103 MP: 22/22
 26488 | Lair:4   | Found a staircase to the Snake Pit.
 26518 | Lair:4   | Reached skill level 5 in Armour
 26945 | Lair:4   | Found a shimmering altar of Xom.
 26971 | Lair:4   | Reached skill level 11 in Fighting
 28005 | Lair:5   | Reached skill level 1 in Shields
 28156 | Lair:5   | Identified the +2 pair of gloves "Ontile" {Regen+} (Okawaru
                  | gifted it to you on level 5 of the Lair of Beasts)
 28156 | Lair:5   | Received a gift from Okawaru
 28872 | Lair:5   | Found a viscous altar of Jiyva.
 28872 | Lair:5   | Found a staircase to the Slime Pits.
 28985 | Lair:6   | Entered Level 6 of the Lair of Beasts
 29135 | Lair:6   | Reached skill level 12 in Fighting
 29593 | Lair:6   | Received a gift from Okawaru
 29599 | Lair:6   | Reached skill level 10 in Axes
 29917 | Lair:6   | Noticed Rupert
 29932 | Lair:6   | Paralysed by Rupert for 6 turns
 29937 | Lair:6   | Killed Rupert
 29938 | Lair:6   | Reached XP level 14. HP: 62/116 MP: 2/23
 30238 | Lair:6   | Reached skill level 13 in Fighting
 30581 | Lair:6   | Received a gift from Okawaru
 30917 | Lair:6   | Found a large runed translucent door.
 30918 | Lair:6   | Found a large runed translucent door.
 31577 | Lair:6   | Identified the amulet of Attitude {RegenMP rPois Str+3
                  | Dex+8 Slay-2}
 31915 | D:12     | Found Zin's Purification Station.
 31918 | D:12     | Found a glowing silver altar of Zin.
 32665 | D:12     | Found a staircase to the Orcish Mines.
 33181 | Orc:1    | Entered Level 1 of the Orcish Mines
 33351 | Orc:1    | Reached skill level 14 in Fighting
 33517 | Orc:2    | Entered Level 2 of the Orcish Mines
 34297 | Orc:2    | Found a staircase to the Elven Halls.
 34567 | Orc:1    | Received a gift from Okawaru
 34575 | Orc:1    | Received a gift from Okawaru
 34576 | Orc:1    | Reached skill level 15 in Fighting
 34973 | Orc:2    | Found Fazem's General Store.
 34973 | Orc:2    | Found Gamneas's Weapon Emporium.
 34986 | Orc:2    | Reached XP level 15. HP: 107/129 MP: 10/24
 35058 | Orc:2    | Found Xustul's Magic Scroll Boutique.
 35058 | Orc:2    | Found Paps's Armour Emporium.
 35074 | Orc:2    | Bought a potion of invisibility for 128 gold pieces
 35348 | Orc:2    | Bought a scroll of fog for 32 gold pieces
 35348 | Orc:2    | Bought a scroll of fog for 32 gold pieces
 35348 | Orc:2    | Bought a scroll of fear for 56 gold pieces
 35350 | Orc:2    | Bought 3 scrolls of enchant armour for 360 gold pieces
 35530 | D:8      | Bought a scroll of enchant weapon for 105 gold pieces
 35530 | D:8      | Bought a scroll of blinking for 105 gold pieces
 36102 | D:13     | Received a gift from Okawaru
 37316 | D:13     | Noticed a fire giant
 37330 | D:13     | Killed a fire giant
 37340 | D:13     | Reached skill level 15 in Summonings
 37829 | D:13     | Received a gift from Okawaru
 38535 | D:14     | Identified the +2 helmet of Discretion {rPois Dex+4 Stlth+}
                  | (Okawaru gifted it to you on level 14 of the Dungeon)
 38535 | D:14     | Received a gift from Okawaru
 39088 | D:14     | Found a gate to the Vaults.
 39237 | D:14     | Found a bloodstained altar of Trog.
 39548 | D:15     | Entered Level 15 of the Dungeon
 39715 | D:15     | Paralysed by an ogre mage for 4 turns
 39864 | D:15     | Reached XP level 16. HP: 134/136 MP: 13/25
 40083 | D:15     | Found a broken altar of Ashenzari.
 41024 | D:15     | Received a gift from Okawaru
 41255 | D:15     | Found a staircase to the Depths.
 41844 | D:8      | Killed MirrMurr's ghost
 42068 | D:11     | Killed Josephine
 42457 | Snake:1  | Entered Level 1 of the Snake Pit
 42525 | Snake:1  | Acquired 755 gold pieces
 43357 | Snake:1  | Found Acluss's Weapon Emporium.
 45436 | Snake:2  | Reached skill level 16 in Fighting
 45612 | Snake:2  | Identified the +5 kite shield of Meiw Uti {*Corrode +Inv
                  | Will+++ Int+2} (Okawaru gifted it to you on level 2 of the
                  | Snake Pit)
 45612 | Snake:2  | Received a gift from Okawaru
 45613 | Snake:2  | Reached skill level 10 in Dodging
 46867 | Snake:2  | Reached XP level 17. HP: 144/145 MP: 18/26
 48378 | Snake:3  | Noticed Vashnia
 48722 | Snake:3  | Found Degreps's General Store.
 48731 | Snake:3  | Bought a scroll of silence for 112 gold pieces
 48803 | Snake:3  | Received a gift from Okawaru
 49035 | Snake:3  | Found a radiant altar of Vehumet.
 49345 | Swamp:1  | Entered Level 1 of the Swamp
 49345 | Swamp:1  | Noticed a tentacled monstrosity
 49377 | Lair:2   | Killed a tentacled monstrosity
 50051 | Swamp:1  | Reached skill level 17 in Fighting
 51111 | Swamp:1  | Acquired 949 gold pieces
 52904 | Swamp:3  | Received a gift from Okawaru
 52960 | Swamp:3  | Noticed a tentacled monstrosity
 52979 | Swamp:3  | Killed a tentacled monstrosity
 53481 | Swamp:4  | Entered Level 4 of the Swamp
 53549 | Swamp:4  | Reached skill level 15 in Axes
 54315 | Swamp:4  | Reached skill level 18 in Fighting
 54486 | Swamp:4  | Reached XP level 18. HP: 70/157 MP: 6/27
 54496 | Swamp:4  | Received a gift from Okawaru
 55586 | Swamp:4  | Identified the +8 triple sword of Cubimev {pain, Str+3}
                  | (Okawaru gifted it to you on level 4 of the Swamp)
 55586 | Swamp:4  | Received a gift from Okawaru
 56416 | Swamp:4  | Learned a level 1 spell: Apportation
 56469 | Swamp:4  | Got a decaying rune of Zot
 57339 | Snake:3  | Killed Vashnia
 57768 | Snake:3  | Found a radiant altar of Vehumet.
 58077 | Snake:4  | Entered Level 4 of the Snake Pit
 58087 | Snake:4  | Demolished by a naga warrior

Illustrated notes

Levels and vault maps discovered:
D:1:      dpeg_arrival_windows_large_door, layout_basic,
          shapermc_ecumenical_altar_hornbeckon
D:2:      layout_basic, uniq_robin, uniq_crazy_yiuf_cottage
D:3:      cheibrodos_thug_alley, layout_rooms, tgw_sif, dk_noncrumbling_4,
          amcnicky_mini_pool_small, minmay_shallow_snake_nest
D:4:      minmay_octagon_keep, layout_basic, temple_pool_b, uniq_menkaure,
          uniq_natasha
D:5:      layout_loops_ring, biasface_ghost_orc_armoury, kennysheep_path_1,
          uniq_blork_the_orc, uniq_eustachio
D:6:      layout_gridville
D:7:      layout_loops_ring, grunt_ministairs_8, minivault_22,
          water_boxes_lemuel
D:8:      layout_cave_pods, serial_shops, shop_fountains,
          nicolae_shop_behind_doors, hellmonk_ghost_happy_afterlife
D:9:      layout_small_grid, nemelex_xobeh_ov_fountains_minmay,
          lemuel_round_altar, lemuel_tele_altar, serial_ice, serial_ice_c,
          serial_ice_l, serial_ice_o, serial_ice_f, serial_ice_m, serial_ice_n,
          serial_ice_a, roderic_roman_lattice
D:10:     layout_gridville, enter_bailey_3, minivault_12
D:11:     layout_loops_corners, dpeg_lair_monsters,
          nicolae_ru_the_path_less_chosen, uniq_josephine, uniq_snorg, uniq_urug
D:12:     layout_cave_pods, orc_0_dummy, zin_purify
D:13:     nzn_winding_woodlands_medium [nzn_winding_woodlands_5x5_cross,
          nzn_winding_woodlands_5x15_river_crossing,
          nzn_winding_woodlands_5x5_checkerboard,
          nzn_winding_woodlands_5x5_default, nzn_winding_woodlands_center_lodge,
          nzn_winding_woodlands_5x5_three, nzn_winding_woodlands_5x5_open_star,
          nzn_winding_woodlands_5x15_pockets,
          nzn_winding_woodlands_5x5_perimeter], layout_cave_pools, special_room
          [special_room_orc], minmay_guarded_unrand_curses
D:14:     layout_loops_ring, erik_vaults_2, amcnicky_mini_rare_corridor_liquid,
          trog_hazing_becter
D:15:     grunt_enter_depths_snipers, layout_rooms, minivault_26,
          nicolae_ashenzari_panopticon
Temple:   hc_temple_tempest_star
Lair:1:   layout_chaotic_city, uniq_joseph
Lair:2:   layout_layer_cave, minmay_swamp_entry_worms,
          infiniplex_staircase_pool_2, grunt_megastairs_1
Lair:3:   layout_roguey, serial_bayou_shore_a
Lair:4:   wad_woods_minihive, layout_long_grid, dummy_snake_entry, basic_altar,
          minmay_lair_oklob_bushes
Lair:5:   layout_regular_city, dpeg_slime_entry_enclosed_altar,
          chequers_serial_rivers_micro_a
Lair:6:   cheibrodos_lair_end_hotspot, layout_layer_cave, uniq_rupert
Swamp:1:  layout_basic_swamp, serial_swamp_ruin, evilmike_swamp_ruin_house_5,
          evilmike_swamp_ruin_house_4, evilmike_swamp_ruin_house_3,
          infiniplex_staircase_pool
Swamp:2:  nicolae_swamp_ascending_descending, layout_falls_marsh,
          evilmike_swamp_ruin_house_1
Swamp:3:  layout_basic_swamp, hangedman_swamp_blocks
Swamp:4:  swamp_fiery, layout_basic_swamp, swamp_pool1,
          nicolae_swamp_dragon_and_kin
Snake:1:  layout_layer_cave, serial_shops, shop
Snake:2:  nicolae_snakescales, layout_chambers,
          nicolae_snake_ghostly_warrior_ritual
Snake:3:  layout_grid_shapes, basic_altar, serial_shops, shop, st_stairs_7,
          uniq_vashnia
Snake:4:  minmay_snake_end_coiled, layout_grid_shapes, st_stairs_4
Orc:1:    layout_caves
Orc:2:    grunt_orc_tribal_feast, layout_caves, basic_altar

Skill      XL: |  1  2  3  4  5  6  7  8  9 10 11 12 13 14 15 16 17 18 |
---------------+-------------------------------------------------------+-----
Fighting       | 1 2 3 4 5 6 9 10 12 15 16 18 | 18.0
Summonings     | 5 6 8 9 12 15 | 15.0
Spellcasting   | 3 4 6 |  6.0
Stealth        | 2 3 4 |  4.0
Dodging        | 3 4 7 8 10 12 | 12.0
Invocations    | 4 5 6 10 12 | 12.0
Axes           | 6 10 12 13 15 16 | 16.9
Ice Magic      | 2 4 |  4.0
Air Magic      | 3 4 |  4.0
Armour         | 4 6 8 |  8.0
Evocations     | 4 |  4.0
Shields        | 4 |  4.0

Action                   |  1- 3 |  4- 6 |  7- 9 | 10-12 | 13-15 | 16-18 || total
-------------------------+-------+-------+-------+-------+-------+-------++-------
Melee: Unarmed           |     3 |       |       |       |       |       ||     3
       Spear             |    21 |       |       |       |       |       ||    21
       Trident           |    59 |    25 |     7 |       |       |       ||    91
       Dagger            |    28 |   102 |    77 |       |       |       ||   207
       War axe           |       |       |   249 |   738 |   147 |    42 ||  1176
       Punch             |       |       |     1 |     6 |       |       ||     7
       Broad axe         |       |       |       |       |   949 |   989 ||  1938
Throw: Dart              |       |       |     4 |     2 |     1 |     1 ||     8
 Cast: Summon Small Mamm |    15 |     1 |       |       |       |       ||    16
       Call Imp          |    16 |    18 |    54 |    17 |       |       ||   105
       Call Canine Famil |     4 |     8 |    27 |    11 |       |       ||    50
       Summon Ice Beast  |       |       |       |   149 |   142 |   207 ||   498
       Summon Lightning  |       |       |       |    25 |    44 |    63 ||   132
       Summon Guardian G |       |       |       |       |       |     4 ||     4
       Apportation       |       |       |       |       |       |     1 ||     1
Invok: Heroism           |       |       |     5 |    24 |    35 |    33 ||    97
       Finesse           |       |       |       |     1 |     3 |       ||     4
 Abil: Hop               |       |       |     3 |    10 |     5 |    16 ||    34
Evoke: Wand              |       |     6 |       |     2 |     2 |     3 ||    13
       Condenser vane    |       |       |       |     1 |       |       ||     1
  Use: Scroll            |     4 |     2 |    14 |    10 |    11 |    10 ||    51
       Potion            |       |       |     2 |     4 |       |     5 ||    11
 Stab: Sleeping          |     2 |     1 |     5 |     6 |     1 |       ||    15
       Distracted        |     1 |     1 |     1 |    15 |    14 |    15 ||    47
Armor: Leather armour    |    42 |    45 |   139 |   250 |       |       ||   476
       Ring mail         |     7 |       |       |       |       |       ||     7
       Scale mail        |       |       |       |   113 |   470 |   463 ||  1046
       Skin              |       |       |       |    55 |       |       ||    55
Dodge: Dodged            |    65 |    67 |   235 |   711 |   772 |   707 ||  2557
Block: Other             |       |       |    32 |       |       |       ||    32
       Buckler           |       |       |       |       |   247 |   295 ||   542

Table legend: (Time is in decaauts)
 A = Elapsed time spent in this place.
 B = Non-inter-level travel time spent in this place.
 C = Inter-level travel time spent in this place.
 D = Time resting spent in this place.
 E = Time spent auto-exploring this place.
 F = Levels seen in this place.
 G = Mean time per level.
                   A        B        C        D        E       F      G
               +--------+--------+--------+--------+--------+-----+--------+
         Total |  63770 |  58000 |   5770 |  16037 |  31769 |  33 | 1932.4 |
       Dungeon |  31657 |  28731 |   2926 |   6939 |  17236 |  15 | 2110.5 |
        Temple |    585 |    550 |     35 |    411 |    102 |   1 |  585.0 |
          Lair |  12439 |  11080 |   1359 |   2218 |   6900 |   6 | 2073.2 |
         Swamp |   7019 |   6350 |    669 |   2587 |   2503 |   4 | 1754.8 |
     Snake Pit |   8992 |   8505 |    487 |   3035 |   3921 |   4 | 2248.0 |
  Orcish Mines |   2351 |   2059 |    292 |    443 |   1064 |   2 | 1175.5 |
        Bailey |    725 |    725 |      0 |    403 |     40 |   1 |  725.0 |
               +--------+--------+--------+--------+--------+-----+--------+

Top non-repeatable levels by time:
 Snake:2: 4210 daAuts
    D:11: 3497 daAuts
  Lair:6: 3047 daAuts
  Lair:2: 2802 daAuts
 Snake:3: 2516 daAuts
     D:2: 2472 daAuts
 Swamp:4: 2427 daAuts
     D:9: 2407 daAuts
    D:12: 2303 daAuts
  Lair:4: 2298 daAuts
     D:7: 2275 daAuts
    D:13: 2257 daAuts
 Snake:1: 2256 daAuts
     D:8: 2225 daAuts
    D:15: 2193 daAuts
